cohdb
Replays
Latest Replays
All Replays
Popular Replays
Top Player Replays
Match Explorer
How It Works
Community
CoH3 Stats
Reddit
Sign in to upload your games and track your stats! →
Sign in with Steam
Match 40720465
Unlisted
Match 40720465
Overview
Messages
Build Orders
End
Kradschützen Motorcycle Team
250 Light Carrier
Panzerpioneer Squad
250 Light Carrier
Construct Light Support Kompanie
MG34 Team
Panzerjäger Squad
Selects Panzerjäger Kommand Battlegroup
Selects GrB 39 Grenade Launcher Requisition
Panzerjäger Squad
Fire Support Elements
Assault Mechanized Group
Selects Blockade Equipment
250 Light Carrier
Construct Panzerarmee Kommand
2.5-tonne Medical Truck
Selects Defensive Positions
Selects Butterfly Bomb Drop
Forward Retreat Point
Pak 38 Mechanized Group
AI Takeover
rockkiller31
¤︻デZeduEx芫===-^
Lule
[GG]Quiq
0
0
Comments
sign in to comment!
No comments posted yet!